 Dungeon Crawl Stone Soup version 0.30-a0-760-g5a9884bb7c (webtiles) character file.

Game seed: 16470393614903500692

41198 Flugkiller the Nimble (level 14, -11/94 HPs)
             Began as an Octopode Wanderer on Feb 11, 2023.
             Was a High Priest of Wu Jian.
             Mangled by a goliath frog (24 damage)
             ... on level 3 of the Lair of Beasts.
             The game lasted 00:37:15 (19713 turns).

Flugkiller the Nimble (Octopode Wanderer)          Turns: 19713, Time: 00:37:16

Health: -11/94     AC:  5    Str: 15    XL:     14   Next: 14%
Magic:  11/27      EV: 25    Int: 25    God:    Wu Jian [*****.]
Gold:   549        SH:  8    Dex: 20    Spells: 15/31 levels left

rFire   + . .      SeeInvis .    D - +2 trident (distort)
rCold   . . .      Faith    .    b - +2 buckler
rNeg    . . .      Spirit   .    I - +0 hat
rPois   .          Reflect  .    (no amulet)
rElec   .          Harm     .    g - +6 ring of intelligence
rCorr   .          Rampage  .    p - ring of protection from fire
Will    ++...      Archmagi +    m - ring of willpower
Stlth   +++                      v - +5 ring of evasion
HPRegen 0.35/turn                a - +6 ring of dexterity
MPRegen 0.20/turn                K - ring of the Mage {Wiz Archmagi}
                                 P - +4 ring of protection
                                 n - +6 ring of intelligence

@: lethally poisoned (-11 -> -21), exhausted, about to teleport
A: almost no armour, amphibious, 8 rings, camouflage 1, gelatinous body 1,
(nimble swimmer 1), tentacles
a: Renounce Religion, Wall Jump, Serpent's Lash, Heavenly Storm


You were on level 3 of the Lair of Beasts.
You worshipped Wu Jian.
Wu Jian was extremely pleased with you.
You visited 2 branches of the dungeon, and saw 14 of its levels.
You also visited: Ossuary.

You collected 1779 gold pieces.
You spent 1230 gold pieces at shops.

Inventory:

Hand Weapons
 j - a +0 war axe
   (You found it on level 3 of the Dungeon)
 D - a +2 trident of distortion (weapon)
   (You took it off a gnoll sergeant on level 11 of the Dungeon)
 G - a +2 trident of draining
   (You found it on level 5 of the Dungeon)
Missiles
 s - 3 throwing nets
 O - a curare-tipped dart
Armour
 b - a +2 buckler (worn)
 I - a +0 hat (worn)
   (You found it on level 4 of the Dungeon)
Jewellery
 a - a +6 ring of dexterity (on tentacle)
   (You found it on level 5 of the Dungeon)
 g - a +6 ring of intelligence (left tentacle)
   (You found it on level 5 of the Dungeon)
 i - a ring of see invisible
   (You took it off an orc on level 7 of the Dungeon)
 m - a ring of willpower (on tentacle)
   (You found it on level 5 of the Dungeon)
 n - a +6 ring of intelligence (on tentacle)
   (You took it off Harold on level 10 of the Dungeon)
 p - a ring of protection from fire (right tentacle)
   (You found it on level 3 of the Dungeon)
 v - a +5 ring of evasion (on tentacle)
   (You bought it in a shop on level 3 of the Dungeon)
 K - the ring of the Mage (on tentacle) {Wiz Archmagi}
   (You bought it in a shop on level 3 of the Dungeon)

   [ring of wizardry]

   It improves your spell success rate.
   Archmagi:  It increases the power of your magical spells.
 P - a +4 ring of protection (on tentacle)
   (You bought it in a shop on level 3 of the Dungeon)
Wands
 e - a wand of paralysis (15)
   (You found it on level 4 of the Dungeon)
 o - a wand of light (9)
   (You found it on level 3 of the Dungeon)
 H - a wand of flame (12)
   (You found it on level 8 of the Dungeon)
 L - a wand of iceblast (3)
   (You found it on level 9 of the Dungeon)
 N - a wand of polymorph (6)
   (You found it on level 11 of the Dungeon)
Scrolls
 f - a scroll of butterflies
 k - 2 scrolls of fear
 t - 7 scrolls of teleportation
 y - 2 scrolls of silence
 M - a scroll of fog
 R - 2 scrolls of vulnerability
 S - a scroll of amnesia {unknown}
 T - 2 scrolls of enchant armour
Potions
 c - 2 potions of lignification
 d - 4 potions of might
 h - 4 potions of haste
 l - 6 potions of flight
 q - 4 potions of curing
 u - 3 potions of brilliance
 w - 3 potions of heal wounds
 x - a potion of berserk rage
 A - a potion of ambrosia
 C - 3 potions of magic
 E - 3 potions of attraction
 J - 2 potions of mutation
Miscellaneous
 F - a piece from Xom's chessboard (15/15)
   (You found it on level 7 of the Dungeon)
 Q - a phial of floods
   (You found it on level 9 of the Dungeon)


   Skills:
 - Level 8.0 Fighting
 - Level 3.5(6.0) Axes
 - Level 7.5(8.0) Polearms
 - Level 1.0 Throwing
 - Level 11.0 Dodging
 - Level 2.0 Stealth
 - Level 4.0 Shields
 + Level 9.0 Spellcasting
 - Level 6.8 Necromancy
 + Level 8.1 Transmutations
 + Level 8.3 Air Magic
 - Level 7.5 Poison Magic
 - Level 6.0 Evocations


You had 15 spell levels left.
You knew the following spells:

 Your Spells              Type           Power      Damage    Failure   Level
a - Necrotise             Necr           100%       1d9       1%          1
b - Poisonous Vapours     Pois/Air       100%       N/A       1%          2
c - Olgreb's Toxic Radia  Pois           65%        N/A       1%          4
d - Animate Dead          Necr           62%        N/A       1%          4
e - Agony                 Necr           62%        N/A       4%          5

Your spell library contained the following spells:

 Spells                   Type           Power      Damage    Failure   Level
 Shock                    Conj/Air       100%       1d9       1%          1
 Sting                    Tmut/Pois      100%       1d8       1%          1
 Sublimation of Blood     Necr           62%        N/A       1%          2
 Blade Hands              Tmut           33%        N/A       2%          5
 Lesser Beckoning         Tloc           34%        N/A       4%          2
 Anguish                  Hex/Necr       21%        N/A       7%          4
 Dazzling Flash           Conj/Hex       34%        N/A       9%          3
 Gell's Gravitas          Tloc           17%        N/A       9%          3
 Inner Flame              Hex/Fire       17%        N/A       9%          3
 Teleport Other           Tloc           17%        N/A       9%          3
 Silence                  Hex/Air        24%        N/A       14%         5
 Iskenderun's Mystic Bla  Conj/Tloc      17%        2d5       26%         4
 Leda's Liquefaction      Hex/Erth       8%         N/A       26%         4
 Summon Forest            Summ/Tloc      8%         N/A       56%         5
 Storm Form               Tmut/Air       34%        N/A       58%         7
 Discord                  Hex            8%         N/A       100%        8


Dungeon Overview and Level Annotations

Branches:
Dungeon (11/15) Zot: 24303  Temple (0/1) D:5            Lair (3/5) D:9 Zot: 14574
  Swamp (0/4) Lair:2        Snake (0/4) Lair:2          Orc (0/2) D:11
Ossuary (visited)

Altars:
Cheibriados
Dithmenos
Elyvilon
Gozag
Hepliaklqana
Ru
Wu Jian
The Shining One

Shops:
D:3 *=   D:4 **   D:10 =

Annotations:
D:7 1 runed translucent door, exclusion: door, MCDelver's ghost, journeyman OpFE
D:11 3 runed translucent doors, epen's ghost, journeyman GnWn


Innate Abilities, Weirdness & Mutations

You cannot wear most types of armour.
You are amphibious.
You can wear up to eight rings at the same time.
Your skin changes colour to match your surroundings (Stealth+).
Your rubbery body absorbs attacks. (AC +1, EV +1)
((You are camouflaged when in or above water. (Stealth+)))
You have tentacles for arms and can constrict up to eight enemies at once.


Message History

Aiming: Necrotise (safe; 1% risk of failure)
Press: ? - help, Shift-Dir - straight line, f - yak
Aim: a yak (moderately wounded, chance to affect: 83%)
You feel a surge of power!
The yak writhes in agony.
You reach to attack!
You hit the yak but do no damage.
Space warps around the yak.
The yak is heavily wounded.
The yak enters a dispersal trap!
The yak blinks! x6; You blink.
The yak blinks!
You reach to attack!
The yak bellows!
You puncture the yak!
Space warps horribly around the yak!!
You kill the yak!
The Council accepts your kill.
You hit the yak. You squeeze the yak.
The yak is moderately wounded.
The yak completely misses you. The yak closely misses you.
You puncture the yak!
Space warps horribly around the yak!
The yak is severely wounded.
The yak closely misses you. The yak gores you!
The yak bellows!
You puncture the yak!
Space warps around the yak.
The yak is almost dead.
The yak gores you! The yak barely misses you.
You puncture the yak!
You kill the yak!
The Council accepts your kill. The yak completely misses you.
You puncture the yak!
Space warps around the yak.
The yak is moderately wounded.
The yak gores you.
The yak enters a dispersal trap!
The yak blinks! x5
You blink.
The yak blinks!
You puncture the yak! Your squeeze misses the yak.
The yak is moderately wounded.
The yak barely misses you.
You hit the yak. You squeeze the yak.
The yak is heavily wounded.
The yak blinks!
You puncture the yak!
Space warps around the yak!
The yak is severely wounded.
The yak misses you.
You hit the yak but do no damage.
The yak is severely wounded.
The yak completely misses you.
You puncture the yak!
You kill the yak!
The Council accepts your kill.
The swamp worm fires a harpoon shot at you.
The harpoon shot hits you!
You are yanked forward by the harpoon shot.
Your muscles tense, ready for explosive movement...
You spin and attack the swamp worm, with incredible momentum.
You hit the swamp worm.
Space warps around the swamp worm.
Your grab misses the swamp worm.
The swamp worm is lightly wounded.
You spin and attack the swamp worm, with incredible momentum.
You hit the swamp worm but do no damage.
Your grab misses the swamp worm. You squeeze the swamp worm.
The swamp worm is moderately wounded.
Your supernatural speed expires.
You hit the swamp worm.
Space warps around the swamp worm.
Your grab misses the swamp worm. You squeeze the swamp worm.
The swamp worm is heavily wounded.
The swamp worm blinks!
Found a leather armour.
The swamp worm fires a harpoon shot at you.
The harpoon shot hits you!
You are yanked forward by the harpoon shot.
You hit the swamp worm. Your grab misses the swamp worm.
The swamp worm is severely wounded.
The swamp worm blinks!
You hit the swamp worm but do no damage.
Space warps around the swamp worm.
Your grab misses the swamp worm.
The swamp worm is severely wounded.
The swamp worm bites you!!
Unknown command.
You hit the swamp worm.
Space warps horribly around the swamp worm!!
You kill the swamp worm!
The Council accepts your kill.
The swamp dragon breathes poison at you.
The blast of poison misses you.
Unknown command.
As you read the scroll of teleportation, it crumbles to dust.
You feel strangely unstable.
You are engulfed in poison gas.
You are poisoned.
* * * LOW HITPOINT WARNING * * *
x2 You feel very sick.
Unknown command.
You feel better.
You are engulfed in poison gas.
You are poisoned.
* * * LOW HITPOINT WARNING * * *
x2 You feel very sick.
You feel better.
You are engulfed in poison gas.
You are poisoned.
* * * LOW HITPOINT WARNING * * *
x2 You feel very sick.
The goliath frog is engulfed in poison gas.
The goliath frog is poisoned.
The goliath frog looks even sicker.
The goliath frog hits you from afar!!
You die...

..... .. ...........
..[.... .. #.....#.#..
.......###. #....#####
.......#..#####....#####
#......#..#..##.....#.#.
#.......................
...................^....
.....○○☼○...........†.†.
.....D°@○...?......††...
.....F○○Y..........†.†..
....○...○..≈≈≈≈≈#≈#≈≈###
...........≈#≈≈≈≈#.≈≈#≈≈
#..........≈≈≈≈≈##~.≈≈≈≈
#..........≈≈#≈≈#≈≈.≈≈≈≈
...........≈≈≈#≈≈~.≈≈≈≈≈
#..........≈≈≈≈≈≈~.~≈≈≈≈
.........≈≈≈≈≈≈~.P≈#≈#


You could see a swamp dragon, a goliath frog (very poisoned) and a yak.

Vanquished Creatures
  A hydra (D:11)
  Harold (D:10)
  A boulder beetle (Lair:1)
  An alligator (Lair:3)
  2 two-headed ogres
  9 death yaks
  A bog body (Lair:2)
  A deep elf archer (D:11)
  A manticore (D:11)
  2 black mambas
  Maurice (D:10)
  2 torpor snails
  2 gargoyles
  7 cane toads
  A kobold demonologist (D:6)
  3 komodo dragons
  3 trolls
  A polar bear (Lair:3)
  21 blink frogs
  2 wyverns
  A slime creature (D:7)
  A shadow (D:10)
  A vampire (D:6)
  4 wraiths
  Eustachio (D:4)
  34 yaks
  3 basilisks
  A steam dragon (D:6)
  4 vampire mosquitoes
  3 swamp worms (Lair:3)
  A naga (Lair:2)
  7 water moccasins
  3 orc warriors
  A black bear (D:6)
  4 ogres
  13 wolves
  3 centaurs
  2 phantoms
  4 kobold brigands
  2 elf zombies (D:5)
  11 bullfrogs
  5 gnoll sergeants
  A necrophage (D:6)
  An elf skeleton (D:5)
  13 wights
  11 killer bees
  9 howler monkeys
  4 lava snakes (D:9)
  2 human zombies (D:5)
  4 jellies
  An orc priest (D:8)
  A hound (D:7)
  A human skeleton (D:5)
  2 iguanas
  12 orc wizards
  8 mummies (Ossuary)
  13 gnolls
  8 adders
  2 white imps
  An ufetubus (D:4)
  A worm (D:3)
  2 dart slugs
  31 orcs
  4 endoplasms
  4 giant cockroaches
  2 gnoll zombies (Ossuary)
  4 goblins
  3 hobgoblins
  6 jackals
  16 kobolds
  7 quokkas
  7 ball pythons
  6 bats
  7 frilled lizards
  2 hobgoblin zombies (Ossuary)
  2 kobold zombies (Ossuary)
  2 orc zombies (Ossuary)
  6 rats
378 creatures vanquished.

Vanquished Creatures (collateral kills)
  A death yak (Lair:2)
  A manticore (D:11)
  A cane toad (Lair:2)
  A freezing wraith (D:11)
  2 komodo dragons
  A blink frog (Lair:2)
  6 yaks
  A water moccasin (Lair:2)
  2 wolves
  3 ogres (D:11)
  A gnoll sergeant (D:11)
  A bullfrog (Lair:1)
21 creatures vanquished.

Vanquished Creatures (others)
  3 cane toad zombies
  2 manticore zombies (D:11)
  2 blink frog zombies (Lair:3)
  9 yak zombies
  9 wolf zombies
  A kobold zombie (D:11)
  2 ogre zombies (D:11)
  3 gnoll zombies (D:11)
  An orc zombie (D:11)
  24 fungi
  29 plants
85 creatures vanquished.

Grand Total: 484 creatures vanquished

Notes
Turn   | Place    | Note
-------+----------+-------------------------------------------
     0 | D:1      | Flugkiller the Octopode Wanderer began the quest for the
                  | Orb.
     0 | D:1      | Flugkiller set off with the following items: a +0 hand axe,
                  | a +0 buckler, a potion of lignification; and the following
                  | spell memorised: Necrotise; and the following spells
                  | available to memorise: Sublimation of Blood, Anguish.
     0 | D:1      | Reached XP level 1. HP: 13/13 MP: 2/2
    49 | D:1      | Reached skill level 1 in Stealth
   175 | D:1      | Reached XP level 2. HP: 18/18 MP: 3/3
   833 | D:2      | Reached XP level 3. HP: 24/24 MP: 4/4
   996 | D:2      | You fall into a shaft and drop 1 floor!
   996 | D:3      | Found an ornate altar of the Wu Jian Council.
  1124 | D:3      | Became a worshipper of the Wu Jian Council
  1171 | D:3      | Found Icup's General Store.
  1248 | D:2      | Reached skill level 1 in Poison Magic
  1438 | D:2      | Reached XP level 4. HP: 27/29 MP: 3/6
  1495 | D:3      | Found Masit's Jewellery Shoppe.
  1852 | D:3      | Reached XP level 5. HP: 16/34 MP: 1/8
  1991 | D:3      | Reached * piety under Wu Jian
  2449 | D:4      | Found Zecad's General Store.
  2451 | D:4      | Found Okezxoo's Specific Store.
  2992 | D:4      | Noticed a phantom
  3027 | D:5      | Entered Level 5 of the Dungeon
  3030 | D:5      | Noticed Eustachio
  3285 | D:5      | Reached skill level 1 in Evocations
  3285 | D:5      | Reached XP level 6. HP: 39/39 MP: 9/9
  3309 | D:5      | Found a sand-covered staircase.
  3385 | Ossuary  | Entered an ossuary
  3790 | Ossuary  | Learned a level 2 spell: Poisonous Vapours
  4325 | D:5      | Reached skill level 5 in Poison Magic
  4325 | D:5      | Reached XP level 7. HP: 31/45 MP: 10/10
  4392 | D:5      | Learned a level 4 spell: Olgreb's Toxic Radiance
  4533 | D:5      | Found a hazy altar of Hepliaklqana.
  4718 | D:4      | Killed Eustachio
  4718 | D:4      | Reached ** piety under Wu Jian
  4719 | D:4      | Reached skill level 1 in Air Magic
  5035 | D:5      | Reached XP level 8. HP: 40/50 MP: 12/12
  5240 | D:5      | Found a staircase to the Ecumenical Temple.
  5286 | D:6      | Reached skill level 1 in Polearms
  5377 | D:3      | Bought a +5 ring of evasion for 360 gold pieces
  5451 | D:5      | Reached skill level 1 in Dodging
  5540 | D:6      | Reached skill level 2 in Dodging
  5697 | D:6      | Reached skill level 3 in Dodging
  5930 | D:6      | Noticed a vampire
  6218 | D:6      | Killed a vampire
  6219 | D:6      | Reached skill level 4 in Dodging
  6300 | D:6      | Reached XP level 9. HP: 53/58 MP: 4/13
  6500 | D:7      | Found a runed translucent door.
  6501 | D:7      | Noticed MCDelver's ghost (journeyman OpFE)
  6504 | D:7      | Noticed a komodo dragon
  6569 | D:7      | Noticed a kobold demonologist
  6569 | D:7      | Noticed a troll
  6606 | D:6      | Killed a kobold demonologist
  6607 | D:6      | Reached skill level 5 in Dodging
  6719 | D:7      | Killed a troll
  6781 | D:7      | Got the Compendium of Elliptic Modification
  6783 | D:7      | Identified the +3 flail of Liniof Nudgh {speed, MP+9 Int+3
                  | Dex-3 Stlth+}
  6837 | D:7      | Reached skill level 5 in Fighting
  7006 | D:7      | Noticed a gargoyle
  7066 | D:7      | Reached skill level 6 in Dodging
  7259 | D:7      | Reached *** piety under Wu Jian
  7320 | D:7      | Reached skill level 5 in Polearms
  7329 | D:7      | Found a snail-covered altar of Cheibriados.
  7564 | D:7      | Killed a gargoyle
  7565 | D:7      | Reached skill level 5 in Evocations
  7654 | D:7      | Found a white marble altar of Elyvilon.
  7744 | D:7      | Got Nekhluam's Grimoire of the Weathered Volcano
  8120 | D:8      | Reached XP level 10. HP: 68/68 MP: 14/14
  8991 | D:8      | Reached skill level 7 in Dodging
  9100 | D:8      | Got the Directory of Spellbinding and Corpses
  9924 | D:9      | Noticed a two-headed ogre
 10153 | D:9      | Found a staircase to the Lair.
 10373 | D:9      | Reached skill level 8 in Dodging
 10768 | D:9      | Reached skill level 5 in Necromancy
 10916 | D:9      | Found a sacrificial altar of Ru.
 10972 | D:9      | Reached **** piety under Wu Jian
 11555 | D:10     | Entered Level 10 of the Dungeon
 11555 | D:10     | Noticed a gargoyle
 11555 | D:10     | Found Ypliw's Jewellery Shop.
 11561 | D:10     | Killed a gargoyle
 11807 | D:3      | Bought a +4 ring of protection for 360 gold pieces
 12105 | D:10     | Noticed Maurice
 12108 | D:10     | Found an opulent altar of Gozag.
 12114 | D:10     | Paralysed by Maurice for 2 turns
 12122 | D:10     | Killed Maurice
 12135 | D:10     | Reached XP level 11. HP: 70/77 MP: 3/15
 12237 | D:10     | Found a shadowy altar of Dithmenos.
 12266 | D:10     | Noticed a two-headed ogre
 12424 | D:10     | Learned a level 4 spell: Animate Dead
 12850 | D:10     | Killed a two-headed ogre
 13063 | D:10     | Noticed Harold
 13083 | D:10     | Killed Harold
 13214 | D:10     | Found a glowing golden altar of the Shining One.
 13326 | D:10     | Reached skill level 5 in Spellcasting
 13981 | D:11     | Found a runed translucent gate.
 13981 | D:11     | Found a runed translucent gate.
 13981 | D:11     | Found a runed translucent gate.
 13983 | D:11     | Noticed epen's ghost (journeyman GnWn)
 14214 | D:11     | Noticed a four-headed hydra
 14509 | D:11     | Found a staircase to the Orcish Mines.
 14528 | D:11     | Noticed a manticore
 14573 | D:11     | Identified a scroll of acquirement
 14573 | D:11     | Acquired 620 gold pieces
 14740 | D:3      | Bought the ring of the Mage {Wiz Archmagi} for 510 gold
                  | pieces
 14740 | D:3      | Found the ring of the Mage {Wiz Archmagi}
 14748 | D:3      | Learned a level 5 spell: Agony
 15011 | D:11     | Noticed a manticore
 15019 | D:11     | Killed a manticore
 15057 | D:11     | Killed a manticore
 15167 | D:11     | Noticed a deep elf archer
 15317 | D:11     | Killed a deep elf archer
 15318 | D:11     | Reached XP level 12. HP: 59/82 MP: 14/19
 15457 | D:11     | Killed a four-headed hydra
 15458 | D:11     | Reached skill level 9 in Dodging
 15747 | D:11     | Identified the +1 leather armour of Cocytus {MP+9 Dex+3
                  | SInv}
 16006 | D:11     | Noticed a stone giant
 16083 | D:9      | Reached skill level 10 in Dodging
 16136 | D:9      | Killed a two-headed ogre
 16235 | Lair:1   | Entered Level 1 of the Lair of Beasts
 16291 | Lair:1   | Noticed a boulder beetle
 16304 | Lair:1   | Killed a boulder beetle
 16305 | Lair:1   | Reached skill level 11 in Dodging
 16357 | Lair:1   | Reached skill level 1 in Transmutations
 16879 | Lair:1   | Noticed a death yak
 16881 | Lair:1   | Noticed a death yak
 16910 | Lair:1   | Killed a death yak
 16911 | Lair:1   | Killed a death yak
 17434 | Lair:2   | Reached XP level 13. HP: 88/88 MP: 9/22
 17439 | Lair:2   | Reached skill level 5 in Air Magic
 17442 | Lair:2   | Reached ***** piety under Wu Jian
 17553 | Lair:2   | Reached skill level 5 in Transmutations
 17565 | Lair:2   | Found a staircase to the Snake Pit.
 18158 | Lair:2   | Found a staircase to the Swamp.
 18973 | Lair:3   | Reached XP level 14. HP: 94/94 MP: 14/26
 19713 | Lair:3   | Mangled by a goliath frog

Illustrated notes

Levels and vault maps discovered:
D:1:      erik_arrival_blinker_ship, layout_basic
D:2:      layout_rooms
D:3:      layout_basic, nicolae_overflow_crystal_walls, serial_shops, shop,
          nicolae_shop_advertising_works [nicolae_subvault_shop_adworks]
D:4:      layout_loops_ring, kennysheep_small_spiral, nicolae_specific_store
D:5:      layout_cave_pools, mainiacjoe_overflow_alcove_4,
          minmay_temple_entry_poolview, nicolae_ossuary_entry_catacombs,
          nicolae_figureground_sparkle, uniq_eustachio
D:6:      layout_basic
D:7:      minmay_the_grid_four_pointed_star
          [minmay_the_grid_triangle_9x9_descending_squares,
          minmay_the_grid_triangle_9x9_shrine,
          minmay_the_grid_triangle_9x9_zippers_horizontal,
          minmay_the_grid_triangle_9x9_pentomino_pain,
          minmay_the_grid_prize_trominoes], layout_basic,
          mainiacjoe_overflow_cross_hatched, elyvilon_altar_3,
          ebering_ghost_inner_flame, lemuel_flame_loot_1
D:8:      hellmonk_destroyed_diamonds, layout_loops_corners, amethyst_killhole,
          hangedman_decor_growths
D:9:      layout_roguey, mainiacjoe_overflow_brackets, lair_entry_dummy,
          kennysheep_island_fort
D:10:     layout_layer_cave, tso_metal_star,
          mainiacjoe_overflow_large_starburst, serial_shops,
          nicolae_stop_n_shop_2, uniq_maurice, uniq_harold
D:11:     minmay_sliced_demisemicircle, layout_irregular_city,
          kennysheep_orc_monster_closet_entryway, gammafunk_ghost_spectres
Lair:1:   layout_cellular_growth, st_stairs_5, infiniplex_staircase_pool,
          serial_bayou_shore_a
Lair:2:   layout_small_grid, skrybe_swamp_entry_bodies,
          guppyfry_snake_entry_garden
Lair:3:   onia_ninara_swampy_vault, layout_regular_city, grunt_megastairs_4

Skill      XL: |  1  2  3  4  5  6  7  8  9 10 11 12 13 14 |
---------------+-------------------------------------------+-----
Stealth        | 2 |  2.0
Fighting       | 2 4 6 7 8 |  8.0
Poison Magic   | 1 2 3 5 6 7 |  7.5
Axes           | 3 |  3.5
Spellcasting   | 2 3 5 6 8 9 |  9.0
Evocations     | 1 3 4 5 6 |  6.0
Air Magic      | 2 4 7 8 |  8.3
Polearms       | 3 5 7 |  7.5
Dodging        | 4 6 8 11 | 11.0
Necromancy     | 6 |  6.8
Shields        | 4 |  4.0
Transmutations | 4 7 8 |  8.1
Throwing       | |  1.0

Action                     |  1- 3 |  4- 6 |  7- 9 | 10-12 | 13-15 || total
---------------------------+-------+-------+-------+-------+-------++-------
  Melee: Hand axe          |    79 |   144 |    21 |       |       ||   244
         Punch             |     3 |     2 |     4 |     5 |     3 ||    17
         Constrict         |    19 |    34 |    34 |    69 |    17 ||   173
         Tentacles         |     8 |    36 |    44 |   113 |    44 ||   245
         Trident           |       |       |   173 |   476 |   147 ||   796
   Cast: Necrotise         |    16 |    34 |       |     2 |     2 ||    54
         Poisonous Vapours |       |       |    66 |    77 |     2 ||   145
         Olgreb's Toxic Ra |       |       |       |    31 |    36 ||    67
         Animate Dead      |       |       |       |     4 |     2 ||     6
         Agony             |       |       |       |     4 |     5 ||     9
 Invoke: Serpent's Lash    |       |       |       |     4 |     3 ||     7
Ability: Lunge             |     1 |    10 |     2 |    14 |     1 ||    28
         Whirlwind         |       |       |       |     8 |    13 ||    21
  Evoke: Wand              |       |     1 |     2 |     6 |       ||     9
    Use: Scroll            |     1 |     5 |     1 |    13 |     7 ||    27
         Potion            |     1 |       |       |     4 |     3 ||     8
   Stab: Sleeping          |     6 |     6 |     3 |     9 |     2 ||    26
         Paralysed         |       |     8 |    14 |     4 |       ||    26
         Distracted        |       |       |     1 |     2 |     2 ||     5
 Armour: Skin              |     6 |     6 |     4 |    31 |     5 ||    52
  Dodge: Dodged            |    55 |    43 |    78 |   354 |    80 ||   610
  Block: Buckler           |     9 |    13 |    35 |   121 |    35 ||   213

Table legend: (Time is in decaauts)
 A = Elapsed time spent in this place.
 B = Non-inter-level travel time spent in this place.
 C = Inter-level travel time spent in this place.
 D = Time resting spent in this place.
 E = Time spent auto-exploring this place.
 F = Levels seen in this place.
 G = Mean time per level.
                   A        B        C        D        E       F      G
               +--------+--------+--------+--------+--------+-----+--------+
         Total |  19857 |  18074 |   1783 |   5668 |   7414 |  15 | 1323.8 |
       Dungeon |  15500 |  13828 |   1672 |   4192 |   5966 |  11 | 1409.1 |
          Lair |   3424 |   3313 |    111 |    970 |   1343 |   3 | 1141.3 |
       Ossuary |    932 |    932 |      0 |    506 |    105 |   1 |  932.0 |
               +--------+--------+--------+--------+--------+-----+--------+

Top non-repeatable levels by time:
     D:9: 2400 daAuts
     D:7: 1962 daAuts
    D:11: 1727 daAuts
     D:4: 1686 daAuts
    D:10: 1582 daAuts
     D:8: 1491 daAuts
  Lair:1: 1230 daAuts
  Lair:2: 1198 daAuts
     D:6: 1192 daAuts
     D:5: 1119 daAuts
     D:3: 1099 daAuts
  Lair:3: 995 daAuts
 Ossuary: 932 daAuts
     D:1: 719 daAuts
     D:2: 518 daAuts
